 Dungeon Crawl Stone Soup version 0.30.2 (webtiles) character file.

Game seed: 2388506351898875826

67 porpoise the Caller (level 3, -1/24 HPs)
             Began as a Demonspawn Summoner on Feb 1, 2024.
             Slain by a sleepcap (3 damage)
             ... on level 4 of the Dungeon.
             The game lasted 00:05:42 (2144 turns).

porpoise the Caller (Demonspawn Summoner)           Turns: 2144, Time: 00:05:42

Health: -1/24      AC:  4    Str:  8    XL:     3   Next: 98%
Magic:  7/7        EV: 12    Int: 18    God:
Gold:   77         SH:  0    Dex: 13    Spells: 2/8 levels left

rFire   . . .        a - +1 dagger (venom)
rCold   . . .        (no shield)
rNeg    . . .        c - +0 robe
rPois   .            (no helmet)
rElec   .            n - +1 cloak
rCorr   .            (no gloves)
SInv    .            (no boots)
Will    .....        (no amulet)
Stlth   ++           (no ring)
HPRegen 0.24/turn    (no ring)
MPRegen 0.20/turn

%: no passive effects
@: weak-willed
A: magic regeneration
a: no special abilities


You were on level 4 of the Dungeon.
You visited 1 branch of the dungeon, and saw 3 of its levels.

You collected 77 gold pieces.

Inventory:

Hand Weapons
 a - a +1 dagger of venom (weapon)
 b - a +0 sling
 f - a +0 hand axe
 k - a +0 short sword of electrocution
Armour
 c - a +0 robe (worn)
 n - a +1 cloak (worn)
Scrolls
 g - a scroll of noise
Potions
 d - a potion of magic
 h - 3 potions of mutation {unknown}
 j - a potion of berserk rage


   Skills:
 - Level 1.7 Dodging
 - Level 1.7 Stealth
 + Level 3.1 Spellcasting
 + Level 4.8 Summonings


You had 2 spell levels left.
You knew the following spells:

 Your Spells              Type           Power      Damage    Failure   Level
a - Summon Small Mammal   Summ           80%        N/A       2%          1
b - Call Imp              Summ           40%        N/A       3%          2
c - Call Canine Familiar  Summ           20%        N/A       6%          3

Your spell library contained the following spells:

 Spells                   Type           Power      Damage    Failure   Level
 Ensorcelled Hibernation  Hex/Ice        4%         N/A       24%         2
 Summon Guardian Golem    Hex/Summ       11%        N/A       19%         3
 Spider Form              Tmut/Pois      2%         N/A       43%         3
 Summon Lightning Spire   Summ/Air       11%        N/A       52%         4
 Anguish                  Hex/Necr       1%         N/A       85%         4


Dungeon Overview and Level Annotations

Branches:
Dungeon (4/15)
 Temple: D:4-7

Altars:


Innate Abilities, Weirdness & Mutations

You regenerate magic rapidly.


Message History

You are unaffected.
You feel much better. The sleepcap misses you.
You hit the sleepcap.
The sleepcap is lightly damaged.
The sleepcap releases spores at you.
You hit the sleepcap but do no damage.
The sleepcap is lightly damaged.
The sleepcap releases spores at you!
You are engulfed in a cloud of soporific spores!
You fall asleep.
The sleepcap releases spores at you but does no damage.
The sleepcap completely misses you. The sleepcap releases spores at you.
You wake up.
You are engulfed in a cloud of soporific spores!
You are unaffected.
You hit the sleepcap but do no damage.
The sleepcap is poisoned.
The sleepcap is lightly damaged.
The sleepcap releases spores at you.
* * * LOW HITPOINT WARNING * * *
You are engulfed in a cloud of soporific spores!
You are unaffected.
You hit the sleepcap but do no damage.
The sleepcap is lightly damaged.
The sleepcap closely misses you.
Unknown command.
You hit the sleepcap but do no damage.
The sleepcap is lightly damaged.
The sleepcap closely misses you.
Unknown command.
You hit the sleepcap.
The sleepcap is heavily damaged.
The sleepcap releases spores at you but does no damage.
You hit the sleepcap.
The sleepcap is severely damaged.
The sleepcap releases spores at you.
* * * LOW HITPOINT WARNING * * *
You hit the sleepcap.
The sleepcap is severely damaged.
The sleepcap releases spores at you.
You die...

#.# ##[# #..#
#..####
#####.....#
$..........#
.........#.#
.........#...
........@# ....
.....>...f.....#
####.##...<.....
#. #......... #
#.........
..........
##.#+##### #.#


You could see a sleepcap (very poisoned).

Vanquished Creatures
  4 adders (D:2)
  A dart slug (D:2)
  2 endoplasms
  3 giant cockroaches (D:1)
  4 goblins
  2 hobgoblins
  A kobold (D:1)
  A quokka (D:2)
  3 ball pythons (D:1)
  A bat (D:1)
  2 frilled lizards
  2 rats
26 creatures vanquished.

Vanquished Creatures (collateral kills)
  An endoplasm (D:1)
  A ball python (D:1)
2 creatures vanquished.

Grand Total: 28 creatures vanquished

Notes
Turn   | Place    | Note
-------+----------+-------------------------------------------
     0 | D:1      | porpoise the Demonspawn Summoner began the quest for the
                  | Orb.
     0 | D:1      | Reached XP level 1. HP: 13/13 MP: 3/3
   601 | D:1      | Gained mutation: You regenerate magic rapidly. [demonic
                  | ancestry]
   601 | D:1      | Reached XP level 2. HP: 12/19 MP: 1/5
   624 | D:1      | Learned a level 2 spell: Call Imp
  1433 | D:2      | Reached XP level 3. HP: 20/24 MP: 7/7
  1437 | D:2      | Learned a level 3 spell: Call Canine Familiar
  2114 | D:2      | You fall into a shaft and drop 2 floors!
  2144 | D:4      | Slain by a sleepcap

Illustrated notes

Levels and vault maps discovered:
D:1:      spicycebolla_arrival_transporter_tutorial, layout_basic,
          minmay_door_square
D:2:      layout_basic, nrook_mini_vaults
D:4:      layout_basic, lemuel_crystal_altar, lemuel_round_altar,
          nicolae_overflow_squiral, evilmike_ruin_ashenzari,
          minmay_temple_entry_statues_pillars, minivault_14

Skill      XL: |  1  2  3 |
---------------+----------+-----
Spellcasting   | 3 |  3.1
Dodging        | |  1.7
Stealth        | |  1.7
Summonings     | |  4.8

Action                     || total
---------------------------++-------
  Melee: Unarmed           ||     3
         Hand axe          ||     4
         Punch             ||     2
         Dagger            ||    45
   Fire: Sling             ||    55
   Cast: Summon Small Mamm ||    15
    Use: Scroll            ||     5
         Potion            ||     2
 Armour: Robe              ||    18
  Dodge: Dodged            ||    44
